 Dungeon Crawl Stone Soup version 0.30-a0-1114-gd936c97349 (webtiles) character file.

Game seed: 11291501169114727405

2097 cheesebisquit the Fighter (level 9, -2/79 (81) HPs)
             Began as a White Draconian Fire Elementalist on Apr 20, 2023.
             Was a Follower of Vehumet.
             Killed from afar by Maggie (20 damage)
             ... with a bolt of fire
             ... on level 6 of the Dungeon.
             The game lasted 00:26:23 (6603 turns).

cheesebisquit the Fighter (DrFE)                    Turns: 6603, Time: 00:26:24

HP:   -2/79 (81)    AC:  7    Str: 11    XL:     9   Next: 7%
MP:   9/19          EV: 12    Int: 19    God:    Vehumet [*.....]
Gold: 198           SH:  0    Dex: 12    Spells: 18/22 levels left

rFire   . . .      SeeInvis .    l - +5 dagger (freeze)
rCold   + . .      Faith    .    (no shield)
rNeg    . . .      Spirit   .    (body armour unavailable)
rPois   .          Reflect  .    (helmet restricted)
rElec   .          Rampage  .    p - scarf {harm}
rCorr   .          Harm     + .  (no gloves)
Will    .....                    (no boots)
Stlth   ++                       (no amulet)
HPRegen 0.33/turn                z - ring of flight
MPRegen 0.16/turn                m - +4 ring of slaying

@: flying, lightly drained
A: breathe frost, AC +7, unfitting armour, cold resistance 1, cold-blooded
a: Breathe Frost, Renounce Religion


You were on level 6 of the Dungeon.
You worshipped Vehumet.
Vehumet was aware of your devotion.
You visited 2 branches of the dungeon, and saw 7 of its levels.

You collected 362 gold pieces.
You spent 164 gold pieces at shops.

Inventory:

Hand Weapons
 a - a +0 dagger
 l - a +5 dagger of freezing (weapon)
Missiles
 n - 12 poisoned darts
 y - a throwing net
 A - 3 atropa-tipped darts
Armour
 p - a scarf of harm (worn)
Jewellery
 e - a ring of positive energy
 m - a +4 ring of slaying (right hand)
 z - a ring of flight (left hand)
Wands
 h - a wand of iceblast (8)
Scrolls
 b - 2 scrolls of magic mapping
 f - 2 scrolls of immolation
 g - a scroll of brand weapon {unknown}
 i - a scroll of blinking
 k - a scroll of fog {unknown}
 o - a scroll of butterflies
 q - a scroll of teleportation
 u - a scroll of vulnerability {unknown}
 x - a scroll of silence {unknown}
 B - a scroll of noise {unknown}
 C - a scroll of acquirement {unknown}
 D - a scroll of enchant armour {unknown}
Potions
 c - a potion of brilliance
 d - a potion of degeneration
 j - a potion of flight
 t - a potion of attraction
 v - a potion of cancellation


   Skills:
 + Level 8.2 Fighting
 + Level 3.2 Dodging
 - Level 1.7 Stealth
 + Level 7.2 Spellcasting
 - Level 1.0 Conjurations
 - Level 2.4 Fire Magic
 * Level 5.0 Ice Magic


You had 18 spell levels left.
You knew the following spells:

 Your Spells              Type           Power      Damage    Failure   Level
a - Foxfire               Conj/Fire      52%        2x1d6     4%          1
b - Ensorcelled Hibernat  Hex/Ice        32%        N/A       5%          2
c - Freeze                Ice            100%       1d10      1%          1

Your spell library contained the following spells:

 Spells                   Type           Power      Damage    Failure   Level
 Scorch                   Fire           32%        2d6       5%          2
 Apportation              Tloc           12%        N/A       10%         1
 Passwall                 Tmut/Erth      5%         N/A       16%         2
 Inner Flame              Hex/Fire       11%        N/A       19%         3
 Volatile Blastmotes      Fire/Tloc      22%        2d11      19%         3
 Swiftness                Air            6%         N/A       30%         3
 Vhi's Electric Charge    Tloc/Air       12%        N/A       30%         3
 Flame Wave               Conj/Fire      13%        2d6       43%         4
 Arcjolt                  Conj/Air       4%         1d14      92%         5
 Alistair's Intoxication  Tmut/Pois      4%         N/A       95%         5
 Maxwell's Capacitive Co  Air            3%         ∞         100%        8


Dungeon Overview and Level Annotations

Branches:
Dungeon (6/15)             Temple (1/1) D:5

Altars:
Ashenzari
Cheibriados
Dithmenos
Elyvilon
Kikubaaqudgha
Makhleb
Nemelex Xobeh
Okawaru
Qazlal
Ru
Uskayaw
Vehumet
Xom
Yredelemnul
Zin
The Shining One

Shops:
D:1 ?   D:3 ?

Portals:
Abyss: D:4

Annotations:
D:4 2 transporters, Prince Ribbit; hwolsky's ghost, amateur MiFi
D:6 1 runed translucent door, Maggie; fortdeath9's ghost, novice MiFi


Innate Abilities, Weirdness & Mutations

You can breathe waves of freezing cold which knock back foes.
Your icy white scales are hard. (AC +7)
You cannot fit into any form of body armour.
Your flesh is cold resistant. (rC+)
You are cold-blooded and may be slowed by cold attacks.


Message History

You feel drained.
Casting: Foxfire (safe; 4% risk of failure)
Confirm with . or Enter, or press ? or * to list all spells.
Aiming: Freeze (safe; 1% risk of failure)
Press: ? - help, Shift-Dir - straight line, f - Maggie
Aim: Maggie, wielding a +1 scimitar of draining and wearing +0 swamp dragon scales (moderately wounded, ally target)
You freeze Maggie!
Maggie is heavily wounded.
The foxfire hits Maggie.
Maggie is severely wounded.
The foxfire hits Maggie but does no damage.
Maggie is severely wounded.
Maggie points at you and mumbles some strange words.
The bolt of fire hits you!!
You are too injured to fight recklessly!
Casting: Foxfire (safe; 4% risk of failure)
Press: ? - help, Q - select action, (/) - cycle Dir - look around, f - activate You conjure some foxfire!
Maggie gestures at you while chanting. The bolt of fire hits you!!
* * * LOW HITPOINT WARNING * * *
Casting: Foxfire (safe; 4% risk of failure)
Confirm with . or Enter, or press ? or * to list all spells.
Aiming: Freeze (safe; 1% risk of failure)
Press: ? - help, Shift-Dir - straight line, f - Maggie
Aim: Maggie, wielding a +1 scimitar of draining and wearing +0 swamp dragon scales (severely wounded, ally target)
You freeze Maggie.
Maggie is severely wounded.
The foxfire hits Maggie but does no damage.
Maggie is severely wounded.
The foxfire hits Maggie but does no damage.
Maggie is severely wounded.
Maggie closely misses you.
You feel better. Maggie barely misses you.
Casting: Foxfire (safe; 4% risk of failure)
Press: ? - help, Q - select action, (/) - cycle Dir - look around, f - activate You conjure some foxfire!
Maggie casts a spell at you. The bolt of fire hits you!
You die...

..........# #.......
..........# .......
..........#### #.....#
##+######..... +.....#..
#..... #.....#. #.....
#.....' #.....
+###...v†###'#######.....
........@@.............##
.........v.............#.
.........[.............'.
.........).............#.
.......................#.
.......................##
...######+#######........
... #........ ..
#........


You could see Maggie (ally target).

Vanquished Creatures
  Sigmund (D:5)
  A steam dragon (D:6)
  2 black bears
  An ice beast (D:6)
  2 sky beasts
  An ogre (D:5)
  2 phantoms
  2 scorpions
  7 wights (D:6)
  A gnoll bouda (D:5)
  2 jellies (D:5)
  3 hounds (D:5)
  An orc priest (D:3)
  3 iguanas
  2 sleepcaps (D:6)
  8 gnolls
  12 adders
  2 shadow imps (D:6)
  A white imp (D:5)
  A worm (D:4)
  2 dart slugs
  10 orcs
  3 endoplasms
  A giant cockroach (D:2)
  6 goblins
  12 hobgoblins
  10 jackals
  5 quokkas
  6 ball pythons
  2 bats
  3 frilled lizards
  3 kobolds
  5 rats
123 creatures vanquished.

Vanquished Creatures (others)
  518 foxfires
  3 fungi (D:2)
  A plant (D:2)
522 creatures vanquished.

Grand Total: 645 creatures vanquished

Notes
Turn   | Place    | Note
-------+----------+-------------------------------------------
     0 | D:1      | cheesebisquit the Draconian Fire Elementalist began the
                  | quest for the Orb.
     0 | D:1      | Reached XP level 1. HP: 14/14 MP: 3/3
    24 | D:1      | Found Uwolouko's Magic Scroll Boutique.
   214 | D:1      | Reached skill level 1 in Fighting
   219 | D:1      | Reached XP level 2. HP: 14/23 MP: 1/5
  1049 | D:1      | Reached skill level 2 in Fighting
  1049 | D:1      | Reached XP level 3. HP: 29/29 MP: 5/7
  1545 | D:2      | Reached XP level 4. HP: 37/37 MP: 5/8
  1615 | D:2      | Found a faded altar of an unknown god.
  1961 | D:3      | Reached skill level 3 in Fighting
  2157 | D:3      | Found Plog's Magic Scroll Shoppe.
  2175 | D:3      | Bought a scroll of identify for 28 gold pieces
  2175 | D:3      | Bought a scroll of identify for 28 gold pieces
  2175 | D:3      | Bought 2 scrolls of identify for 56 gold pieces
  2338 | D:3      | Reached XP level 5. HP: 45/45 MP: 3/10
  3129 | D:1      | Bought a scroll of identify for 26 gold pieces
  3203 | D:4      | Reached skill level 4 in Fighting
  3282 | D:1      | Bought a scroll of identify for 26 gold pieces
  3456 | D:4      | Reached XP level 6. HP: 53/53 MP: 6/12
  3532 | D:4      | Noticed hwolsky's ghost (amateur MiFi)
  3597 | D:4      | Found a transporter.
  3613 | D:4      | Found a transporter.
  3636 | D:4      | Found a one-way gate to the infinite horrors of the Abyss.
  3845 | D:4      | Reached skill level 5 in Fighting
  4091 | D:5      | Entered Level 5 of the Dungeon
  4198 | D:5      | Reached skill level 5 in Spellcasting
  4198 | D:5      | Your scales start taking on an icy white colour.
  4198 | D:5      | Reached XP level 7. HP: 59/61 MP: 7/14
  4198 | D:5      | Gained mutation: Your flesh is cold resistant. (rC+) [White
                  | Draconian growth]
  4451 | D:5      | Noticed Sigmund
  4454 | D:5      | Noticed Prince Ribbit
  4734 | D:5      | Reached skill level 6 in Fighting
  4743 | D:5      | Killed Sigmund
  4945 | D:5      | Found a staircase to the Ecumenical Temple.
  4954 | Temple   | Entered the Ecumenical Temple
  4954 | Temple   | Found a transporter.
  4954 | Temple   | Found a transporter.
  4956 | Temple   | Found a transporter.
  4956 | Temple   | Found a transporter.
  4978 | Temple   | Became a worshipper of Vehumet
  5066 | D:5      | Found a sacrificial altar of Ru.
  5083 | D:5      | Reached skill level 7 in Fighting
  5083 | D:5      | Reached XP level 8. HP: 65/73 MP: 10/17
  5432 | D:5      | Learned a level 2 spell: Ensorcelled Hibernation
  5543 | D:6      | Reached skill level 1 in Ice Magic
  6155 | D:6      | Found a runed translucent door.
  6160 | D:6      | Noticed fortdeath9's ghost (novice MiFi)
  6250 | D:6      | Reached * piety under Vehumet
  6250 | D:6      | Offered knowledge of Freeze by Vehumet.
  6258 | D:6      | Reached skill level 8 in Fighting
  6470 | D:6      | Learned a level 1 spell: Freeze
  6513 | D:6      | Reached XP level 9. HP: 81/81 MP: 13/19
  6578 | D:6      | Reached skill level 5 in Ice Magic
  6592 | D:6      | Noticed Maggie
  6603 | D:6      | Killed from afar by Maggie

Illustrated notes

Levels and vault maps discovered:
D:1:      tekkud_arrival_beachfront_property, layout_loops_ring, serial_shops,
          nicolae_shop_advertising_works [nicolae_subvault_shop_adworks]
D:2:      layout_rooms, dreamdust_ecumenical_altar_hidden_monk_grotto
D:3:      layout_basic, serial_shops, shop
D:4:      layout_loops_ring, gammafunk_ghost_abyssal_escape
D:5:      layout_basic, nicolae_ru_awakened_eye,
          minmay_temple_entry_enclosed_plants, uniq_prince_ribbit1, uniq_sigmund
D:6:      layout_gridville, ebering_ghost_reflecting_pool, uniq_maggie
Temple:   hellmonk_temple_divided_pantheon

Skill      XL: |  1  2  3  4  5  6  7  8  9 |
---------------+----------------------------+-----
Fighting       | 1 2 3 4 5 7 8 |  8.2
Spellcasting   | 3 4 5 6 7 |  7.2
Fire Magic     | 2 |  2.4
Dodging        | 3 |  3.2
Ice Magic      | 4 5 |  5.0
Stealth        | |  1.7
Conjurations   | |  1.0

Action                     |  1- 3 |  4- 6 |  7- 9 || total
---------------------------+-------+-------+-------++-------
  Melee: Unarmed           |    14 |       |       ||    14
         Tailslap          |     4 |     1 |     7 ||    12
         Punch             |     1 |     1 |     3 ||     5
         Dagger            |    19 |    11 |     3 ||    33
         Staff             |       |    17 |    53 ||    70
   Cast: Foxfire           |    59 |    96 |   142 ||   297
         Ensorcelled Hiber |       |       |     1 ||     1
         Freeze            |       |       |     4 ||     4
Ability: Breathe Frost     |       |       |     1 ||     1
    Use: Potion            |     1 |       |     6 ||     7
         Scroll            |       |    11 |     3 ||    14
 Armour: Skin              |     8 |    15 |    24 ||    47
  Dodge: Dodged            |    38 |    26 |    72 ||   136

Table legend: (Time is in decaauts)
 A = Elapsed time spent in this place.
 B = Non-inter-level travel time spent in this place.
 C = Inter-level travel time spent in this place.
 D = Time resting spent in this place.
 E = Time spent auto-exploring this place.
 F = Levels seen in this place.
 G = Mean time per level.
                   A        B        C        D        E       F      G
               +--------+--------+--------+--------+--------+-----+--------+
         Total |   6606 |   6095 |    511 |    116 |   4886 |   7 |  943.7 |
       Dungeon |   6567 |   6077 |    490 |    116 |   4880 |   6 | 1094.5 |
        Temple |     38 |     17 |     21 |      0 |      6 |   1 |   38.0 |
               +--------+--------+--------+--------+--------+-----+--------+

Top non-repeatable levels by time:
     D:3: 1460 daAuts
     D:1: 1247 daAuts
     D:5: 1049 daAuts
     D:6: 1047 daAuts
     D:4: 1011 daAuts
     D:2: 750 daAuts
  Temple: 38 daAuts
